 Dungeon Crawl Stone Soup version 0.25.1-2-g60ff931df9 (webtiles) character file.

Game seed: 13508212538643600468

229910 skhv the Thaumaturge (level 19, -3/148 HPs)
             Began as a Gnoll Wizard on Nov 1, 2020.
             Was a High Priest of Okawaru.
             Slain by a swamp worm (33 damage)
             ... called by a spriggan druid
             ... on level 2 of the Swamp on Nov 2, 2020.
             The game lasted 04:17:13 (55791 turns).

skhv the Thaumaturge (Gnoll Wizard)                Turns: 55791, Time: 04:17:13

Health: -3/148     AC: 23    Str: 16    XL:     19   Next: 46%
Magic:  15/37      EV: 14    Int: 29    God:    Okawaru [*****.]
Gold:   1199       SH:  9    Dex: 15    Spells: 33/46 levels left

rFire    + . .     SeeInvis +   M - +11 rapier "Feisis" {drain, rPois Dex+2 Stlth+}
rCold    + . .     Gourm    .   z - +2 buckler
rNeg     . . .     Faith    .   j - +1 chain mail {MR+}
rPois    +         Spirit   .   O - +0 hat of Lifelessness {Harm +Inv Int+2 Slay+2}
rElec    .         Reflect  .   N - +1 cloak {Stlth+}
rCorr    .         Harm     +   W - +2 pair of gloves
MR       +++..                  S - +2 pair of boots {run}
Stlth    +++.......             G - amulet of the acrobat
HPRegen  0.34/turn              q - ring of protection from magic
MPRegen  0.25/turn              a - ring "Dufor" {rF+ rC+ Str+4 Slay+2 SInv}

@: finesse, quick
A: distributed training, fangs 1, strong nose
}: 1/15 runes: serpentine
a: Heroism, Finesse, Renounce Religion, Evoke Invisibility


You were on level 2 of the Swamp.
You worshipped Okawaru.
Okawaru was extremely pleased with you.
You were near starving.

You visited 7 branches of the dungeon, and saw 33 of its levels.
You visited 1 bazaar.
You also visited: Ossuary and Gauntlet.

You collected 2838 gold pieces.
You spent 1639 gold pieces at shops.

Inventory:

Hand Weapons
 M - the +11 rapier "Feisis" (weapon) {drain, rPois Dex+2 Stlth+}
   (You bought it in a shop on level 10 of the Dungeon)

   A truly terrible weapon, it drains the life of those it strikes.
   It affects your dexterity (+2).
   It protects you from poison.
   It makes you more stealthy.
 V - the +7 lajatang of Order {silver, rMut}
   (Okawaru gifted it to you on level 1 of the Elven Halls)

   It protects you from mutation.
Armour
 e - the +2 pair of boots "Pahit" {rF+ rCorr}
   (You found it on level 10 of the Dungeon)

   It protects you from fire.
   It provides partial protection from all sources of acid and corrosion.
 j - a +1 chain mail of magic resistance (worn)
 p - a +0 leather armour of fire resistance
 z - a +2 buckler (worn)
 D - the +2 helmet of the Cartwright {rF++ Dex-2}
   (Okawaru gifted it to you on level 15 of the Dungeon)

   It affects your dexterity (-2).
   It greatly protects you from fire.
 L - a +0 troll leather armour
 N - a +1 cloak of stealth (worn)
 O - the +0 hat of Lifelessness (worn) {Harm +Inv Int+2 Slay+2}
   (You found it on level 2 of the Orcish Mines)

   It affects your intelligence (+2).
   It affects your accuracy and damage with ranged weapons and melee attacks
   (+2).
   It lets you turn invisible.
   It increases damage dealt and taken.
 S - a +2 pair of boots of running (worn)
 W - a +2 pair of gloves (worn)
Jewellery
 a - the ring "Dufor" (right hand) {rF+ rC+ Str+4 Slay+2 SInv}
   (You found it in a Gauntlet)

   [ring of protection from fire]

   It affects your strength (+4).
   It affects your accuracy and damage with ranged weapons and melee attacks
   (+2).
   It protects you from fire.
   It protects you from cold.
   It lets you see invisible.
 i - the amulet "Jaar" {rN+ Regen+}
   (You bought it in a shop in a bazaar)

   [amulet of regeneration]

   It protects you from negative energy.
   It increases your rate of regeneration.
 m - an uncursed amulet of magic regeneration
 q - a ring of protection from magic (left hand)
 t - an uncursed ring of flight
 u - a +4 ring of protection
 y - an uncursed ring of wizardry
 G - an amulet of the acrobat (around neck)
Wands
 C - a wand of polymorph (12)
 E - a wand of iceblast (34)
 F - a wand of paralysis (14)
 K - a wand of acid (9)
 Q - a wand of disintegration (30)
 R - a wand of clouds (17)
 X - a wand of digging (6)
Scrolls
 f - 6 scrolls of immolation
 g - 9 scrolls of teleportation
 n - 18 scrolls of remove curse
 o - 2 scrolls of fear
 s - a scroll of magic mapping
 w - a scroll of silence
 B - a scroll of holy word
 H - 4 scrolls of fog
 I - 3 scrolls of summoning
 T - 3 scrolls of blinking
 U - 4 scrolls of identify
Potions
 b - 8 potions of flight
 c - 8 potions of resistance
 h - 4 potions of magic
 k - 3 potions of ambrosia
 l - 6 potions of cancellation
 r - 13 potions of curing
 v - 2 potions of might
 x - a potion of heal wounds
 A - 5 potions of brilliance
 Z - a potion of berserk rage
Miscellaneous
 J - 3 boxes of beasts
Comestibles
 d - 29 rations


   Skills:
 + Level 12.6 Fighting
 + Level 12.6 Short Blades
 + Level 12.6 Long Blades
 + Level 12.6 Axes
 + Level 12.6 Maces & Flails
 + Level 12.6 Polearms
 + Level 12.6 Staves
 + Level 12.6 Slings
 + Level 12.6 Bows
 + Level 12.6 Crossbows
 + Level 12.6 Throwing
 + Level 12.6 Armour
 + Level 13.3 Dodging
 + Level 13.2 Stealth
 + Level 12.6 Shields
 + Level 12.6 Unarmed Combat
 + Level 14.1 Spellcasting
 + Level 11.0 Conjurations
 + Level 10.8 Hexes
 + Level 10.8 Charms
 + Level 11.0 Summonings
 + Level 10.8 Necromancy
 + Level 11.0 Translocations
 + Level 10.8 Transmutations
 + Level 10.8 Fire Magic
 + Level 10.8 Ice Magic
 + Level 10.8 Air Magic
 + Level 10.8 Earth Magic
 + Level 10.8 Poison Magic
 + Level 13.6 Invocations
 + Level 12.6 Evocations


You had 33 spell levels left.
You knew the following spells:

 Your Spells              Type           Power        Failure   Level  Hunger
a - Magic Dart            Conj           ####         1%          1    None
b - Blink                 Tloc           N/A          1%          2    None
c - Mephitic Cloud        Conj/Pois/Air  ######..     1%          3    None
d - Frozen Ramparts       Ice            ######       1%          3    None
e - Summon Ice Beast      Ice/Summ       ######..     2%          4    None

Your spell library contained the following spells:

 Spells                   Type           Power        Failure   Level  Hunger
 Beastly Appendage        Tmut           ######       1%          1    None
 Corona                   Hex            ######.      1%          1    None
 Freeze                   Ice            ####         1%          1    None
 Sandblast                Erth           ######       1%          1    None
 Summon Butterflies       Summ           ######..     1%          1    None
 Call Imp                 Summ           ######..     1%          2    None
 Corpse Rot               Necr/Air       N/A          1%          2    None
 Passwall                 Tmut/Erth      ######..     1%          2    None
 Slow                     Hex            ######..     1%          2    None
 Sticks to Snakes         Tmut           ######..     1%          2    None
 Sublimation of Blood     Necr           ######....   1%          2    None
 Call Canine Familiar     Summ           ######..     1%          3    None
 Confusing Touch          Hex            ######..     1%          3    None
 Conjure Flame            Conj/Fire      ######..     1%          3    None
 Gell's Gravitas          Tloc           ######....   1%          3    None
 Ignite Poison            Fire/Tmut/Pois ######..     1%          3    None
 Inner Flame              Hex/Fire       ######..     1%          3    None
 Ozocubu's Armour         Chrm/Ice       ######..     1%          3    None
 Portal Projectile        Hex/Tloc       ######       1%          3    None
 Spider Form              Tmut/Pois      ######....   1%          3    None
 Stone Arrow              Conj/Erth      ######       1%          3    None
 Cause Fear               Hex            ######....   2%          4    None
 Dispel Undead            Necr           ######..     2%          4    None
 Hailstorm                Conj/Ice       ######..     2%          4    None
 Ice Form                 Ice/Tmut       ######..     2%          4    None
 Leda's Liquefaction      Hex/Erth       ######....   2%          4    None
 Petrify                  Tmut/Erth      ######..     2%          4    None
 Summon Forest            Summ/Tloc      ######....   6%          5    None
 Agony                    Necr           ######..     7%          5    None
 Blade Hands              Tmut           ######....   7%          5    None
 Excruciating Wounds      Chrm/Necr      ######....   7%          5    None
 Fireball                 Conj/Fire      ######....   7%          5    None
 Lee's Rapid Deconstruct  Erth           ######....   7%          5    None
 Metabolic Englaciation   Hex/Ice        ######....   7%          5    None
 Summon Mana Viper        Hex/Summ       ######..     7%          5    None
 Yara's Violent Unravell  Hex/Tmut       ######....   7%          5    None
 Eringya's Noxious Bog    Tmut/Pois      ######....   36%         6    ####...
 Hydra Form               Tmut           ######....   36%         6    ####...
 Starburst                Conj/Fire      ######....   36%         6    ####...
 Summon Hydra             Summ           ######....   89%         7    #####..
 Ring of Flames           Chrm/Fire      ######....   91%         7    #####..
 Ignition                 Fire           ######....   100%        8    #######


Dungeon Overview and Level Annotations

Branches:
Dungeon (15/15)            Temple (1/1) D:7            Lair (6/6) D:11
  Swamp (2/4) Lair:4        Snake (4/4) Lair:2        Slime (0/5) Lair:5
    Orc (2/2) D:9             Elf (3/3) Orc:2        Vaults (0/5) D:13
 Depths (0/5) D:15        Ossuary (visited)         Gauntlet (visited)

Altars:
Ashenzari
Cheibriados
Dithmenos
Elyvilon
Fedhas
Gozag
Hepliaklqana
Kikubaaqudgha
Makhleb
Nemelex Xobeh
Okawaru
Qazlal
Ru
Sif Muna
Trog
Uskayaw
Vehumet
Wu Jian
Xom
Yredelemnul
Zin
The Shining One
Beogh
Jiyva

Shops:
D:10 (   D:14 *   Orc:1 *   Orc:2 !(((   Elf:1 **   Elf:2 ?   Snake:1 **(
Snake:3 ([[*   Snake:4 *

Annotations:
D:8 2 runed translucent doors, exclusion: orange crystal statue
Lair:3 exclusion: 2 oklob plants
Elf:2 5 runed translucent doors, exclusion: 5 doors


Innate Abilities, Weirdness & Mutations

Your experience applies equally to all skills.
You have very sharp teeth.
Your uncanny sense of smell can sniff out nearby items.


Message History

The alligator bites you! The alligator misses you.
The swamp worm bites your ice beast!!
You puncture the alligator! You drain the alligator!
The alligator is heavily wounded.
The alligator bites you!
* * * LOW HITPOINT WARNING * * *
The alligator tail-slaps you but does no damage.
Your ice beast hits the swamp worm but does no damage.
The alligator bites you but does no damage.
The alligator tail-slaps you but does no damage.
The swamp worm bites your ice beast!!
Your ice beast dies!
The alligator completely misses you. The alligator tail-slaps you.
* * * LOW HITPOINT WARNING * * *
You can now deal lightning-fast blows.
You block the alligator's attack. The alligator tail-slaps you.
* * * LOW HITPOINT WARNING * * *
You block the alligator's attack. The alligator completely misses you.
The swamp worm bites you!!
You die...

≈≈..≈≈≈≈≈♣♣♣.♣≈≈≈≈≈≈♣♣
≈≈≈...≈♣.♣ ♣.≈≈.≈≈≈.≈♣
≈≈..♣....♣♣♣♣...≈≈♣≈.♣ .
≈≈.♣♣♣....♣♣♣♣♣.≈.≈≈≈♣♣≈≈
.≈♣♣ ♣♣....♣♣♣♣♣..≈....≈.
. .♣ ♣♣...≈≈......≈≈≈≈≈♣
P ♣ ♣.)≈≈≈≈♣.w≈♣≈≈≈≈≈. ≈
♣♣.≈≈≈≈≈.≈≈≈≈...♣. ≈
♣§≈≈≈≈≈w@t≈≈≈♣... .
♣♣.≈≈≈≈♣tt.≈♣♣♣♣♣ .
♣≈≈≈≈≈t≈..♣♣ $
♣..≈≈≈...♣♣ . ♣♣.≈≈≈...♣
. t..)≈.$≈♣♣ ≈ ♣≈≈...♣♣♣
≈ ♣..≈. . ≈


You could see 5 alligators and 2 swamp worms.

Vanquished Creatures
  Nikola (Swamp:2)
  Asterion (Elf:2)
  A deep elf blademaster (Elf:2)
  11 nagarajas
  A deep elf sorcerer (Elf:1)
  Aizul (Swamp:2)
  2 orc warlords
  Nessos (Lair:4)
  A dire elephant (D:15)
  A minotaur (Gauntlet)
  A deep elf death mage (Elf:1)
  12 naga warriors
  6 hydras
  9 anacondas
  4 catoblepae
  4 centaur warriors
  8 alligators
  7 two-headed ogres
  An ogre mage (Orc:2)
  15 death yaks
  Urug (Lair:2)
  18 dancing weapons
  13 naga sharpshooters
  2 orc high priests (Elf:1)
  10 shock serpents
  Nergalle (Lair:4)
  15 deep elf knights
  A salamander mystic (Snake:3)
  An iron troll (D:13)
  3 sea snakes
  6 unseen horrors
  10 naga ritualists
  A spriggan druid (Swamp:2)
  3 swamp dragons
  14 deep elf archers
  3 necromancers
  A wizard (D:14)
  55 deep elf magi
  8 mana vipers
  12 ugly things
  A wolf spider (D:15)
  3 manticores
  An orc sorcerer (Orc:2)
  2 oklob plants (Lair:3)
  7 cyclopes
  10 salamanders
  29 naga magi
  A guardian serpent (Snake:1)
  A torpor snail (Lair:1)
  A black mamba (shapeshifter) (Elf:1)
  4 gargoyles
  10 spiny frogs
  28 black mambas
  A rime drake (Lair:5)
  9 komodo dragons
  5 yaktaurs (D:15)
  An efreet (D:15)
  A tengu conjurer (D:15)
  A queen bee (Gauntlet)
  9 trolls
  4 tyrant leeches
  A polar bear (Lair:5)
  A bog body (Swamp:1)
  17 slime creatures
  Grinder (D:6)
  A wind drake (shapeshifter) (D:15)
  A dream sheep (Lair:5)
  4 hippogriffs
  4 blink frogs (Lair:4)
  2 water elementals (Elf:1)
  Sigmund (D:2)
  2 air elementals
  32 yaks
  2 shadows
  2 spriggans
  2 nameless horrors
  5 wraiths
  5 wyverns
  A fire elemental (Elf:1)
  3 hungry ghosts
  15 vampire mosquitoes
  44 nagas
  6 wargs
  4 swamp worms (Swamp:1)
  19 insubstantial wisps (Swamp:1)
  6 water moccasins
  An acid dragon (D:12)
  8 porcupines
  3 swamp drakes
  24 orc warriors
  3 ice beasts
  4 sky beasts
  2 black bears
  2 necrophages
  12 wolves
  4 centaurs
  24 ogres
  7 phantoms
  8 crocodiles
  24 bullfrogs
  2 wyvern zombies
  2 gnoll sergeants
  A wyvern skeleton (D:11)
  7 earth elementals
  3 scorpions
  6 killer bees
  6 electric eels
  2 howler monkeys (D:11)
  9 crimson imps
  3 quasits
  6 bullfrog zombies
  3 centaur zombies
  8 hounds
  A bullfrog skeleton (D:11)
  6 jellies
  20 orc priests
  7 centaur skeletons
  7 mummies
  7 iguanas
  6 worker ants
  4 hell rats
  18 orc wizards
  2 hound zombies (Ossuary)
  2 hound skeletons
  5 worker ant zombies (Ossuary)
  Robin (D:2)
  2 howler monkey zombies
  13 adders
  12 gnolls
  4 shadow imps
  A white imp (Orc:2)
  3 adder zombies (Ossuary)
  3 worms
  2 dart slugs
  6 leopard geckos
  76 orcs
  6 bats
  4 giant cockroaches
  7 hobgoblins
  16 jackals
  3 quokkas
  A ball python (D:6)
  9 frilled lizards
  A giant cockroach zombie (Ossuary)
  18 goblins
  7 kobolds
  A quokka zombie (D:5)
  8 rats
  A butterfly (Lair:5)
  5 plants
1055 creatures vanquished.

Vanquished Creatures (collateral kills)
  Frances (Swamp:1)
  A nagaraja (Snake:4)
  A deep elf demonologist (Elf:2)
  Josephine (D:11)
  Harold (D:11)
  5 hydras
  An ogre mage (Orc:2)
  5 two-headed ogres
  A naga sharpshooter (Snake:1)
  2 deep elf knights (Elf:2)
  2 deep trolls
  2 orc knights
  6 ugly things
  A cyclops (Orc:2)
  10 deep elf magi
  A black mamba (Lair:2)
  A centaur skeleton (D:11)
  A spiny frog (Swamp:2)
  A komodo dragon (Lair:1)
  8 trolls
  A hornet (D:12)
  6 dream sheep (Lair:5)
  A wraith (D:11)
  A fire elemental (Elf:1)
  2 vampire mosquitoes (Swamp:1)
  4 nagas (Snake:4)
  2 wargs (Orc:1)
  A swamp worm (Swamp:1)
  4 insubstantial wisps (Swamp:1)
  6 orc warriors
  A wolf (Lair:2)
  An eye of draining (D:12)
  8 ogres
  A nameless horror (Orc:2)
  A bullfrog (D:11)
  A bullfrog zombie (D:11)
  4 orc priests
  An iron imp (Orc:2)
  5 orc wizards
  An iguana (D:8)
  3 mummies (Ossuary)
  2 gnolls
  24 orcs
133 creatures vanquished.

Vanquished Creatures (others)
  2 deep elf magi (Elf:1)
  A water moccasin (Lair:4)
  A sky beast (D:15)
  An orc wizard (Orc:2)
  A shadow imp (Orc:2)
  An orc (Orc:2)
  A fungus (Lair:6)
  13 plants
  A withered plant (Ossuary)
22 creatures vanquished.

Grand Total: 1210 creatures vanquished

Notes
Turn   | Place    | Note
-------+----------+-------------------------------------------
     0 | D:1      | skhv the Gnoll Wizard began the quest for the Orb.
     0 | D:1      | Reached XP level 1. HP: 13/13 MP: 8/8
    89 | D:1      | Reached XP level 2. HP: 19/19 MP: 3/10
   713 | D:1      | Reached XP level 3. HP: 25/25 MP: 8/11
  1109 | D:1      | Learned a level 2 spell: Blink
  1113 | D:1      | Learned a level 3 spell: Mephitic Cloud
  1165 | D:2      | Reached skill level 1 in Invocations
  1348 | D:2      | Reached skill level 1 in Fighting
  1348 | D:2      | Reached skill level 1 in Short Blades
  1348 | D:2      | Reached skill level 1 in Long Blades
  1348 | D:2      | Reached skill level 1 in Axes
  1348 | D:2      | Reached skill level 1 in Maces & Flails
  1348 | D:2      | Reached skill level 1 in Polearms
  1348 | D:2      | Reached skill level 1 in Staves
  1348 | D:2      | Reached skill level 1 in Slings
  1348 | D:2      | Reached skill level 1 in Bows
  1348 | D:2      | Reached skill level 1 in Crossbows
  1348 | D:2      | Reached skill level 1 in Throwing
  1348 | D:2      | Reached skill level 1 in Armour
  1348 | D:2      | Reached skill level 1 in Shields
  1348 | D:2      | Reached skill level 1 in Unarmed Combat
  1348 | D:2      | Reached skill level 1 in Evocations
  1348 | D:2      | Reached XP level 4. HP: 32/32 MP: 3/13
  1429 | D:2      | Noticed Robin
  1564 | D:2      | Killed Robin
  1569 | D:2      | Noticed Sigmund
  1963 | D:2      | Killed Sigmund
  1963 | D:2      | Reached skill level 1 in Hexes
  1963 | D:2      | Reached skill level 1 in Charms
  1963 | D:2      | Reached skill level 1 in Necromancy
  1963 | D:2      | Reached skill level 1 in Transmutations
  1963 | D:2      | Reached skill level 1 in Fire Magic
  1963 | D:2      | Reached skill level 1 in Ice Magic
  1963 | D:2      | Reached skill level 1 in Air Magic
  1963 | D:2      | Reached skill level 1 in Earth Magic
  1963 | D:2      | Reached skill level 1 in Poison Magic
  1963 | D:2      | Reached XP level 5. HP: 21/38 MP: 7/14
  1963 | D:2      | Reached XP level 6. HP: 24/44 MP: 8/16
  3577 | D:4      | Reached skill level 5 in Dodging
  4270 | D:4      | Reached XP level 7. HP: 50/50 MP: 9/18
  4349 | D:4      | Noticed a wyvern
  4377 | D:4      | Killed a wyvern
  4815 | D:5      | Entered Level 5 of the Dungeon
  5005 | D:5      | Reached skill level 5 in Stealth
  5203 | D:5      | Reached XP level 8. HP: 50/57 MP: 1/19
  5333 | D:5      | Found a snail-covered altar of Cheibriados.
  6996 | D:6      | Noticed Grinder
  6998 | D:6      | Paralysed by Grinder for 7 turns
  7017 | D:6      | Killed Grinder
  7017 | D:6      | Reached skill level 8 in Spellcasting
  7516 | D:7      | Found a staircase to the Ecumenical Temple.
  7525 | Temple   | Entered the Ecumenical Temple
  7773 | Temple   | Became a worshipper of Warmaster Okawaru
  7932 | D:7      | Reached XP level 9. HP: 54/65 MP: 8/21
  8556 | D:7      | Reached * piety under Okawaru
  8663 | D:7      | Found a shattered altar of Ashenzari.
  8725 | D:8      | Noticed a two-headed ogre
  8745 | D:7      | Learned a level 3 spell: Frozen Ramparts
  8750 | D:7      | Learned a level 4 spell: Summon Ice Beast
  8805 | D:8      | Found a runed translucent door.
  8808 | D:8      | Found the +10 tower shield of Ignorance {rN+ Int-4}
  8822 | D:8      | Found a runed translucent door.
  8822 | D:8      | Noticed an orange crystal statue
  8857 | D:8      | Found a sand-covered staircase.
  9122 | D:8      | Noticed a nameless horror
  9138 | D:8      | Killed a nameless horror
  9293 | Ossuary  | Entered an ossuary
  9446 | Ossuary  | Reached ** piety under Okawaru
  9564 | Ossuary  | Reached skill level 5 in Invocations
 10515 | D:8      | Reached XP level 10. HP: 44/73 MP: 15/22
 11075 | D:8      | Killed a two-headed ogre
 11075 | D:8      | Reached skill level 5 in Fighting
 11075 | D:8      | Reached skill level 5 in Short Blades
 11075 | D:8      | Reached skill level 5 in Long Blades
 11075 | D:8      | Reached skill level 5 in Axes
 11075 | D:8      | Reached skill level 5 in Maces & Flails
 11075 | D:8      | Reached skill level 5 in Polearms
 11075 | D:8      | Reached skill level 5 in Staves
 11075 | D:8      | Reached skill level 5 in Slings
 11075 | D:8      | Reached skill level 5 in Bows
 11075 | D:8      | Reached skill level 5 in Crossbows
 11075 | D:8      | Reached skill level 5 in Throwing
 11075 | D:8      | Reached skill level 5 in Armour
 11075 | D:8      | Reached skill level 5 in Shields
 11075 | D:8      | Reached skill level 5 in Unarmed Combat
 11075 | D:8      | Reached skill level 5 in Evocations
 11183 | D:8      | Reached *** piety under Okawaru
 11869 | D:9      | Reached skill level 9 in Spellcasting
 12283 | D:9      | Noticed a green ugly thing
 12293 | D:9      | Killed a green ugly thing
 12293 | D:9      | Reached **** piety under Okawaru
 12293 | D:9      | Reached skill level 5 in Conjurations
 12293 | D:9      | Reached skill level 5 in Summonings
 12293 | D:9      | Reached skill level 5 in Translocations
 12970 | D:9      | Reached XP level 11. HP: 32/81 MP: 15/24
 13362 | D:9      | Found a staircase to the Orcish Mines.
 13807 | D:10     | Entered Level 10 of the Dungeon
 14008 | D:10     | Killed an unseen horror
 14169 | D:10     | Reached ***** piety under Okawaru
 14351 | D:10     | Killed an unseen horror
 14351 | D:10     | Reached skill level 5 in Hexes
 14351 | D:10     | Reached skill level 5 in Charms
 14351 | D:10     | Reached skill level 5 in Necromancy
 14351 | D:10     | Reached skill level 5 in Transmutations
 14351 | D:10     | Reached skill level 5 in Fire Magic
 14351 | D:10     | Reached skill level 5 in Ice Magic
 14351 | D:10     | Reached skill level 5 in Air Magic
 14351 | D:10     | Reached skill level 5 in Earth Magic
 14351 | D:10     | Reached skill level 5 in Poison Magic
 14761 | D:10     | Found Weffyv's Antique Weapon Emporium.
 14769 | D:10     | Bought an ichor-stained rapier for 171 gold pieces
 14771 | D:10     | Identified the +11 rapier "Feisis" {drain, rPois Dex+2
                  | Stlth+} (You bought it in a shop on level 10 of the
                  | Dungeon)
 14970 | D:10     | Got a pair of smoking boots
 14976 | D:10     | Got a dazzling hunting sling
 14983 | D:10     | Identified the +2 pair of boots "Pahit" {rF+ rCorr} (You
                  | found it on level 10 of the Dungeon)
 15406 | D:11     | Found a staircase to the Lair.
 15460 | D:11     | Received a gift from Okawaru
 15620 | D:11     | Found a shadowy altar of Dithmenos.
 15623 | D:11     | Noticed Harold
 15638 | D:11     | Killed Harold
 16207 | D:11     | Noticed a green ugly thing
 16217 | D:11     | Killed a green ugly thing
 16801 | D:11     | Noticed Josephine
 16810 | D:11     | Killed Josephine
 16810 | D:11     | Received a gift from Okawaru
 17305 | Orc:1    | Entered Level 1 of the Orcish Mines
 17311 | Orc:1    | Noticed an orc knight
 17329 | Orc:1    | Reached XP level 12. HP: 49/89 MP: 7/25
 17543 | Orc:1    | Found a roughly hewn altar of Beogh.
 17654 | Orc:1    | Found Buizion's General Store.
 17731 | Orc:2    | Entered Level 2 of the Orcish Mines
 17765 | Orc:2    | Noticed an orc warlord
 18072 | Orc:1    | Killed an orc warlord
 18072 | Orc:1    | Received a gift from Okawaru
 18072 | Orc:1    | Reached skill level 10 in Spellcasting
 18530 | Orc:2    | Got an encrusted hat
 18551 | Orc:2    | Identified the +0 hat of Lifelessness {Harm +Inv Int+2
                  | Slay+2} (You found it on level 2 of the Orcish Mines)
 18729 | Orc:2    | Found a staircase to the Elven Halls.
 18800 | Orc:2    | Found Toilej's Distillery.
 18803 | Orc:2    | Noticed a two-headed ogre
 18806 | Orc:2    | Noticed a two-headed ogre
 18809 | Orc:2    | Noticed a two-headed ogre
 18809 | Orc:2    | Noticed a two-headed ogre
 18812 | Orc:2    | Noticed a two-headed ogre
 18819 | Orc:2    | Found Zeptami Ecus's Weapon Boutique.
 18819 | Orc:2    | Noticed a two-headed ogre
 18819 | Orc:2    | Noticed an orc warlord
 18819 | Orc:2    | Noticed a two-headed ogre
 18862 | Orc:1    | Killed a two-headed ogre
 19006 | Orc:1    | Killed a two-headed ogre
 19017 | Orc:1    | Killed a two-headed ogre
 19019 | Orc:1    | Killed a two-headed ogre
 19151 | Orc:1    | Killed a two-headed ogre
 19255 | Orc:2    | Killed an orc warlord
 19418 | Orc:2    | Noticed an ogre mage
 19427 | Orc:2    | Reached XP level 13. HP: 49/98 MP: 5/27
 19611 | Orc:2    | Received a gift from Okawaru
 19636 | Orc:2    | Reached ****** piety under Okawaru
 20338 | Orc:2    | Found Bumenaw's Weapon Shoppe.
 20348 | Orc:2    | Found Junyofa's Weapon Shop.
 20740 | Orc:1    | Found a roughly hewn altar of Beogh.
 21790 | Lair:1   | Entered Level 1 of the Lair of Beasts
 21944 | Orc:1    | Bought a scroll of identify for 30 gold pieces
 21944 | Orc:1    | Bought 3 scrolls of identify for 90 gold pieces
 22039 | Lair:1   | Identified the +5 hunting sling of Qebud {venom, Int+3}
                  | (You found it on level 10 of the Dungeon)
 22959 | Lair:2   | Received a gift from Okawaru
 23000 | Lair:2   | Noticed Urug
 23029 | Lair:2   | Killed Urug
 23413 | Lair:2   | Got a wizard robe
 23424 | Lair:2   | Identified the +1 robe of Birdsong {*Slow rF+++ rN+ Str+4}
                  | (You found it on level 2 of the Lair of Beasts)
 23568 | Lair:2   | Found a staircase to the Snake Pit.
 24136 | Lair:3   | Identified a +2 pair of boots of running (You found it on
                  | level 3 of the Lair of Beasts)
 24238 | Lair:3   | You fall into a shaft and drop 3 floors!
 24238 | Lair:6   | Entered Level 6 of the Lair of Beasts
 24342 | Lair:3   | Reached skill level 11 in Spellcasting
 24388 | Lair:3   | Found a gate leading to a gauntlet.
 24404 | Gauntlet | Entered a Gauntlet
 24404 | Gauntlet | Found a transporter.
 24404 | Gauntlet | Found a runed translucent door.
 24404 | Gauntlet | Found a runed translucent door.
 24411 | Gauntlet | Found a transporter.
 24413 | Gauntlet | Found a transporter.
 24422 | Gauntlet | Found a transporter.
 24424 | Gauntlet | Found a transporter.
 24434 | Gauntlet | Found a transporter.
 24450 | Gauntlet | Found a transporter.
 24460 | Gauntlet | Found a transporter.
 24470 | Gauntlet | Found a transporter.
 24482 | Gauntlet | Found a transporter.
 24482 | Gauntlet | Found a transporter.
 24509 | Gauntlet | Found a transporter.
 24509 | Gauntlet | Found a transporter.
 24561 | Gauntlet | Found a transporter.
 24822 | Gauntlet | Reached XP level 14. HP: 105/106 MP: 13/29
 24935 | Gauntlet | Got a transparent golden ring
 24950 | Gauntlet | Got a jewelled helmet
 24963 | Gauntlet | Identified the cursed -5 helmet of the Manifold Ziggurats
                  | {-Tele rCorr Str+2 Slay+5} (You found it in a Gauntlet)
 24993 | Gauntlet | HP: 3/106 [minotaur/the +10 dark maul {vorpal} (25)]
 25084 | Gauntlet | Identified the ring "Dufor" {rF+ rC+ Str+4 Slay+2 SInv}
                  | (You found it in a Gauntlet)
 26255 | Lair:4   | Noticed Nessos
 26266 | Lair:4   | Killed Nessos
 26266 | Lair:4   | Received a gift from Okawaru
 26266 | Lair:4   | Reached skill level 10 in Dodging
 26269 | Lair:4   | Received a gift from Okawaru
 26274 | Lair:4   | Got a slimy demon trident {god gift}
 26291 | Lair:4   | Identified the +6 demon trident of Insufficient Pleasure
                  | {venom, Str+3} (Okawaru gifted it to you on level 4 of the
                  | Lair of Beasts)
 26304 | Lair:4   | Noticed Nergalle
 26319 | Lair:4   | Killed Nergalle
 26612 | Lair:4   | Found a radiant altar of Vehumet.
 26981 | Lair:4   | Found a staircase to the Swamp.
 27578 | Lair:5   | Reached skill level 10 in Stealth
 28144 | Lair:5   | Found a viscous altar of Jiyva.
 28206 | Lair:5   | Found a staircase to the Slime Pits.
 28320 | Lair:5   | Received a gift from Okawaru
 28537 | Lair:5   | Reached skill level 10 in Invocations
 28673 | Lair:6   | Received a gift from Okawaru
 29486 | Lair:6   | Received a gift from Okawaru
 29498 | Lair:6   | Reached XP level 15. HP: 114/114 MP: 16/30
 29621 | Lair:6   | Received a gift from Okawaru
 29659 | Lair:6   | Got a steaming broad axe
 29665 | Lair:6   | Identified the +5 broad axe "Keoskit" {holy, Int+2} (You
                  | found it on level 6 of the Lair of Beasts)
 30198 | Orc:1    | Bought a scroll of identify for 30 gold pieces
 30634 | D:12     | Found a glowing golden altar of the Shining One.
 32149 | D:13     | Found a gate to the Vaults.
 32250 | D:13     | Reached skill level 12 in Spellcasting
 32695 | D:14     | Found a hide-covered altar of Uskayaw.
 32811 | D:14     | Reached skill level 10 in Fighting
 32811 | D:14     | Reached skill level 10 in Short Blades
 32811 | D:14     | Reached skill level 10 in Long Blades
 32811 | D:14     | Reached skill level 10 in Axes
 32811 | D:14     | Reached skill level 10 in Maces & Flails
 32811 | D:14     | Reached skill level 10 in Polearms
 32811 | D:14     | Reached skill level 10 in Staves
 32811 | D:14     | Reached skill level 10 in Slings
 32811 | D:14     | Reached skill level 10 in Bows
 32811 | D:14     | Reached skill level 10 in Crossbows
 32811 | D:14     | Reached skill level 10 in Throwing
 32811 | D:14     | Reached skill level 10 in Armour
 32811 | D:14     | Reached skill level 10 in Shields
 32811 | D:14     | Reached skill level 10 in Unarmed Combat
 32811 | D:14     | Reached skill level 10 in Evocations
 33339 | D:14     | Found a sacrificial altar of Ru.
 33351 | D:14     | Found Ifriyrof's Pet Rocks.
 33467 | D:14     | Received a gift from Okawaru
 34106 | D:15     | Entered Level 15 of the Dungeon
 34375 | D:15     | Found a gateway to a bazaar.
 34488 | Bazaar   | Entered a bazaar
 34567 | Bazaar   | Found Biaso's Jewellery Emporium.
 34575 | Bazaar   | Found Woqi's Weapon Boutique.
 34617 | Bazaar   | Found Meyfuev's Weapon Shoppe.
 34625 | Bazaar   | Found Renuoff's General Store.
 34674 | Bazaar   | Bought the amulet "Jaar" {rN+ Regen+} for 494 gold pieces
 34976 | D:15     | Reached XP level 16. HP: 69/122 MP: 24/32
 35287 | D:15     | Received a gift from Okawaru
 35292 | D:15     | Got a smoking helmet {god gift}
 35322 | D:15     | Identified the +2 helmet of the Cartwright {rF++ Dex-2}
                  | (Okawaru gifted it to you on level 15 of the Dungeon)
 35729 | D:15     | Found a staircase to the Depths.
 36172 | Elf:1    | Entered Level 1 of the Elven Halls
 37128 | Elf:1    | Received a gift from Okawaru
 37129 | Elf:1    | Found the +7 lajatang of Order {silver, rMut}
 37621 | Elf:1    | You fall into a shaft and drop 1 floor!
 37636 | Elf:2    | Noticed a deep elf blademaster
 37640 | Elf:2    | Killed a deep elf blademaster
 38060 | Elf:2    | Received a gift from Okawaru
 38123 | Elf:2    | Found a huge runed translucent gate.
 38124 | Elf:2    | Found a huge runed translucent gate.
 38125 | Elf:2    | Found a huge runed translucent gate.
 38187 | Elf:2    | Found a huge runed translucent gate.
 38188 | Elf:2    | Found a huge runed translucent gate.
 38189 | Elf:2    | Noticed Asterion
 38221 | Elf:2    | Killed Asterion
 38972 | Elf:1    | Found Ciduymaf's Assorted Antiques.
 38979 | Elf:1    | Reached XP level 17. HP: 131/131 MP: 24/33
 39146 | Elf:1    | Found Woinoum's Whimsical Warehouse.
 39339 | Elf:1    | Found an ancient bone altar of Kikubaaqudgha.
 39915 | Elf:2    | Reached skill level 13 in Spellcasting
 39935 | Elf:2    | Received a gift from Okawaru
 40605 | Elf:2    | Received a gift from Okawaru
 41359 | Elf:2    | Reached skill level 10 in Conjurations
 41359 | Elf:2    | Reached skill level 10 in Summonings
 41359 | Elf:2    | Reached skill level 10 in Translocations
 41459 | Elf:2    | Received a gift from Okawaru
 41989 | Elf:2    | Found Zuagih's Magic Scroll Shoppe.
 41994 | Elf:2    | Bought a scroll of identify for 28 gold pieces
 41994 | Elf:2    | Bought a scroll of teleportation for 42 gold pieces
 42319 | Elf:3    | Entered Level 3 of the Elven Halls
 42525 | Elf:1    | Bought a pair of bloodstained boots for 228 gold pieces
 42525 | Elf:1    | Bought a potion of heal wounds for 120 gold pieces
 42559 | Orc:2    | Bought a potion of heal wounds for 55 gold pieces
 42559 | Orc:2    | Bought a potion of berserk rage for 55 gold pieces
 42570 | Orc:2    | Identified the -3 pair of boots the Haunted Lion {*Drain
                  | rF- Regen+ Int+4} (You bought it in a shop on level 1 of
                  | the Elven Halls)
 42600 | Orc:2    | Bought a potion of ambrosia for 88 gold pieces
 42600 | Orc:2    | Bought a potion of ambrosia for 88 gold pieces
 42600 | Orc:2    | Bought a potion of might for 44 gold pieces
 42600 | Orc:2    | Bought a potion of brilliance for 44 gold pieces
 42752 | Snake:1  | Entered Level 1 of the Snake Pit
 42763 | Snake:1  | Found Lyofuy's Assorted Antiques.
 42788 | Snake:1  | Found Tareu's General Store.
 42798 | Snake:1  | Bought a scroll labeled USUB XONGATUNU for 32 gold pieces
 43213 | Snake:1  | Received a gift from Okawaru
 43496 | Snake:1  | Found Redodd's Weapon Shop.
 43535 | Snake:1  | Found a glowing golden altar of the Shining One.
 43748 | Snake:1  | Received a gift from Okawaru
 44489 | Snake:2  | Received a gift from Okawaru
 44507 | Snake:2  | Got an opalescent robe {god gift}
 44555 | Snake:2  | Identified the +1 robe "Wemuot" {rPois Str+10 Int-5}
                  | (Okawaru gifted it to you on level 2 of the Snake Pit)
 44606 | Snake:2  | Identified the +1 dagger of Hublo {vorpal, rF+ Str-5 Dex+8}
 45567 | Snake:2  | Reached skill level 10 in Hexes
 45567 | Snake:2  | Reached skill level 10 in Charms
 45567 | Snake:2  | Reached skill level 10 in Necromancy
 45567 | Snake:2  | Reached skill level 10 in Transmutations
 45567 | Snake:2  | Reached skill level 10 in Fire Magic
 45567 | Snake:2  | Reached skill level 10 in Ice Magic
 45567 | Snake:2  | Reached skill level 10 in Air Magic
 45567 | Snake:2  | Reached skill level 10 in Earth Magic
 45567 | Snake:2  | Reached skill level 10 in Poison Magic
 45709 | Snake:2  | Reached XP level 18. HP: 105/139 MP: 29/35
 47605 | Snake:3  | Found Ocloekh's Armour Shop.
 48392 | Snake:3  | Found Qirch's General Store.
 48607 | Snake:3  | Found Jaugafe's Weapon Shop.
 48752 | Snake:2  | Received a gift from Okawaru
 49012 | Snake:3  | Received a gift from Okawaru
 49369 | Snake:3  | Found Topohi's Armour Shoppe.
 49884 | Snake:4  | Entered Level 4 of the Snake Pit
 50273 | Snake:4  | Found Deuley's General Store.
 52213 | Snake:4  | Received a gift from Okawaru
 52236 | Snake:4  | Reached XP level 19. HP: 93/147 MP: 30/36
 52844 | Snake:4  | Reached skill level 14 in Spellcasting
 53197 | Snake:4  | Got a serpentine rune of Zot
 53493 | Swamp:1  | Entered Level 1 of the Swamp
 53787 | Swamp:1  | You fall into a shaft and drop 1 floor!
 53805 | Swamp:2  | Received a gift from Okawaru
 53825 | Swamp:2  | Noticed Aizul
 53846 | Swamp:2  | Killed Aizul
 54750 | Swamp:1  | Noticed Frances
 54757 | Swamp:1  | Killed Frances
 55436 | Swamp:2  | Noticed Nikola
 55476 | Swamp:2  | Killed Nikola
 55791 | Swamp:2  | Slain by a swamp worm

Illustrated notes

Levels and vault maps discovered:
D:1:      wander_arrival_fairy_ring, layout_basic
D:2:      layout_rooms, grunt_decor_one_mirror, minmay_parallelograms,
          minivault_14, uniq_sigmund, uniq_robin
D:3:      layout_basic
D:4:      layout_basic, first_ration, minmay_tree_intersection
D:5:      layout_loops_ring, old_standard_altar
D:6:      layout_basic, uniq_grinder
D:7:      layout_basic, minmay_temple_entry_junction, basic_altar
D:8:      layout_cave_pools, gup_ossuary_entry_pyramid, the_bakery,
          chequers_guarded_unrand_ignorance
D:9:      layout_irregular_city, erik_orc_2
D:10:     layout_loops_ring, serial_shops, nicolae_shop_crystal,
          minmay_fractal_squares_diagonal_5
D:11:     layout_grid_maze, lair_entry_dummy, grunt_dithmenos_smoke,
          uniq_josephine, uniq_harold
D:12:     layout_loops_ring, nicolae_tso_swordbearing_angel
D:13:     layout_roguey, david_vaults_4
D:14:     layout_stronghold, lemuel_statue_altar, basic_altar,
          guppyfry_shop_earth
D:15:     hangedman_depths_entry_try_elsewhere_first, layout_loops_cross,
          serial_shops, bzr_entry_water, minmay_misc_feat_cross
Temple:   nicolae_temple_the_god_donut
Lair:1:   layout_regular_city, minmay_stone_trees_medium, serial_bayou_shore_b,
          lemuel_fruit_tree
Lair:2:   layout_long_grid, guppyfry_snake_entry_island, beast_lair_carwin_11,
          grunt_megastairs_1, uniq_urug
Lair:3:   layout_hall_layers, gauntlet_entry_generic, columned_hall_lemuel,
          minmay_lair_oklob_chamber
Lair:4:   layout_loops_ring, palyth_hydra_swamp_entry, basic_altar,
          serial_bayou_shore_a, uniq_nessos, uniq_nergalle
Lair:5:   layout_cave_shapes, slime_altar_1, wad_woods_03, lemuel_fruit_fields
Lair:6:   evilmike_catoblepas_cave, layout_loops_ring
Swamp:1:  layout_basic_swamp, hangedman_swamp_ruin_hall, swamp_pool1,
          hangedman_swamp_lotus, nicolae_swamp_orc_logging_accident,
          uniq_frances
Swamp:2:  layout_falls_marsh, nicolae_swamp_fairy_circle, uniq_aizul,
          uniq_donald, uniq_nikola
Snake:1:  layout_rooms, serial_shops, shop, basic_altar,
          nicolae_snake_single_loop, serial_bayou_lagoon_a,
          chequers_hall_statues_y, minmay_shop_star
Snake:2:  layout_basic
Snake:3:  layout_grid_shapes, serial_shops, shop, shop_coins,
          nicolae_shop_statue_plus, nicolae_shop_waterfront, grunt_ministairs_10
Snake:4:  snake_pit, layout_onion_interference, serial_shops, nicolae_shop_trees
Orc:1:    layout_caves, basic_altar, serial_shops, nicolae_shop_waterfront,
          mines2_david
Orc:2:    st_orc_open, layout_diamond_mine, hangedman_minor_magic
Elf:1:    cheibrodos_salmonella, layout_geoelf_grid, serial_shops, shop,
          basic_altar, nicolae_alphabet_shops
Elf:2:    layout_loops_cross, serial_shops, shop_fountains, uniq_asterion
Elf:3:    minmay_elf_hall_not_hex, layout_loops_corners,
          minmay_misc_feat_diagonals

Skill      XL: |  1  2  3  4  5  6  7  8  9 10 11 12 13 14 15 16 17 18 19 |
---------------+----------------------------------------------------------+-----
Conjurations   | 2 3 4 5 6 7 8 9 10 11 | 11.0
Summonings     | 2 3 4 5 6 7 8 9 10 11 | 11.0
Translocations | 2 3 4 5 6 7 8 9 10 11 | 11.0
Invocations    | 1 2 3 4 5 6 7 8 9 10 11 12 13 | 13.6
Fighting       | 1 2 3 4 5 6 7 8 9 10 11 12 | 12.6
Short Blades   | 1 2 3 4 5 6 7 8 9 10 11 12 | 12.6
Long Blades    | 1 2 3 4 5 6 7 8 9 10 11 12 | 12.6
Axes           | 1 2 3 4 5 6 7 8 9 10 11 12 | 12.6
Maces & Flails | 1 2 3 4 5 6 7 8 9 10 11 12 | 12.6
Polearms       | 1 2 3 4 5 6 7 8 9 10 11 12 | 12.6
Staves         | 1 2 3 4 5 6 7 8 9 10 11 12 | 12.6
Slings         | 1 2 3 4 5 6 7 8 9 10 11 12 | 12.6
Bows           | 1 2 3 4 5 6 7 8 9 10 11 12 | 12.6
Crossbows      | 1 2 3 4 5 6 7 8 9 10 11 12 | 12.6
Throwing       | 1 2 3 4 5 6 7 8 9 10 11 12 | 12.6
Armour         | 1 2 3 4 5 6 7 8 9 10 11 12 | 12.6
Shields        | 1 2 3 4 5 6 7 8 9 10 11 12 | 12.6
Unarmed Combat | 1 2 3 4 5 6 7 8 9 10 11 12 | 12.6
Evocations     | 1 2 3 4 5 6 7 8 9 10 11 12 | 12.6
Hexes          | 1 2 3 4 5 6 7 8 9 10 | 10.8
Charms         | 1 2 3 4 5 6 7 8 9 10 | 10.8
Necromancy     | 1 2 3 4 5 6 7 8 9 10 | 10.8
Transmutations | 1 2 3 4 5 6 7 8 9 10 | 10.8
Fire Magic     | 1 2 3 4 5 6 7 8 9 10 | 10.8
Ice Magic      | 1 2 3 4 5 6 7 8 9 10 | 10.8
Air Magic      | 1 2 3 4 5 6 7 8 9 10 | 10.8
Earth Magic    | 1 2 3 4 5 6 7 8 9 10 | 10.8
Poison Magic   | 1 2 3 4 5 6 7 8 9 10 | 10.8
Dodging        | 5 6 7 8 9 10 11 12 13 | 13.3
Stealth        | 5 6 7 8 9 10 11 12 13 | 13.2
Spellcasting   | 8 9 10 11 12 13 14 | 14.1

Action                   |  1- 3 |  4- 6 |  7- 9 | 10-12 | 13-15 | 16-18 | 19-21 || total
-------------------------+-------+-------+-------+-------+-------+-------+-------++-------
Melee: Short sword       |    10 |    40 |   111 |       |       |       |       ||   161
       Bite              |     1 |     5 |    31 |    20 |    70 |   105 |    30 ||   262
       Punch             |       |       |     1 |     2 |    23 |     4 |       ||    30
       Quarterstaff      |       |       |   150 |    26 |       |       |       ||   176
       Spear             |       |       |       |    90 |       |       |       ||    90
       Rapier            |       |       |       |   108 |   464 |   821 |   244 ||  1637
       Broad axe         |       |       |       |       |    12 |       |       ||    12
       Demon trident     |       |       |       |       |     2 |       |       ||     2
       Lajatang          |       |       |       |       |       |     4 |       ||     4
 Cast: Magic Dart        |    76 |   137 |   333 |   310 |   270 |   251 |    87 ||  1464
       Mephitic Cloud    |       |     7 |    23 |    56 |    59 |    76 |       ||   221
       Blink             |       |     2 |     8 |     7 |     6 |     1 |     2 ||    26
       Frozen Ramparts   |       |       |    13 |    47 |    95 |   103 |    16 ||   274
       Summon Ice Beast  |       |       |     4 |    46 |   104 |    59 |    33 ||   246
Invok: Heroism           |       |       |       |     7 |    10 |    22 |     2 ||    41
       Finesse           |       |       |       |       |     3 |     6 |     2 ||    11
 Abil: Evoke Invisibilit |       |       |       |       |     1 |    12 |       ||    13
Evoke: Wand              |       |       |       |       |     7 |     4 |     4 ||    15
       Box of beasts     |       |       |       |       |       |       |     1 ||     1
  Use: Scroll            |       |     8 |     8 |     9 |    17 |    10 |     1 ||    53
       Potion            |       |       |     1 |     1 |     4 |    16 |     2 ||    24
 Stab: Confused          |       |     3 |    11 |    15 |    17 |    17 |       ||    63
       Distracted        |       |       |     1 |       |     2 |       |     3 ||     6
       Sleeping          |       |       |       |     3 |    23 |     7 |       ||    33
       Invisible         |       |       |       |       |     1 |    16 |       ||    17
  Eat: Chunk             |     1 |     8 |     6 |    21 |    24 |     4 |     4 ||    68
       Ration            |       |       |     5 |     2 |     7 |    16 |     1 ||    31
Armor: Robe              |     4 |    21 |   106 |    53 |       |       |       ||   184
       Skin              |       |       |    44 |       |       |       |       ||    44
       Leather armour    |       |       |       |    32 |       |       |       ||    32
       Troll leather arm |       |       |       |    20 |   100 |    13 |       ||   133
       Chain mail        |       |       |       |       |       |   266 |    92 ||   358
Dodge: Dodged            |     9 |    94 |   300 |   333 |   498 |   460 |   164 ||  1858
Block: Other             |       |       |    22 |    37 |       |       |       ||    59
       Reflection        |       |       |     1 |     3 |       |       |       ||     4
       Buckler           |       |       |       |       |       |   285 |   122 ||   407
